Cogmind - Beta 14 *** ADVENTURER MODE // 2024.09.10 @ 11:24:27 // Winter2019/RPGLIKE Player: Gallgagger Result: Self-destructed Performance ------------- Evolutions (0) 0 Regions Visited (4) 800 Robots Destroyed (15) 75 Value Destroyed (377) 377 Prototype IDs (23) 460 Alien Tech Used (0) 0 Bonus (300) 300 TOTAL SCORE: 2012 Bonus ------- Aligned with FarCom 300 Cogmind --------- Core Integrity 332/600 Matter 290/300 Energy 185/185 System Corruption 1% Temperature Cool (0) Movement Rolling (95) Ox1 Location -9/Mines Parts ------- > --- POWER (2) -------- Light Ion Engine Light Nuclear Core > --- PROPULSION (2) --- Wheel Wheel > --- UTILITY (2) ------ Hardened Medium Armor Plating System Shield > --- WEAPON (2) ------- Ion Cannon Guided Plasma Cannon > --- INVENTORY (0) ---- (None) Peak State ------------ > --- POWER ------------ Light Ion Engine Light Nuclear Core > --- PROPULSION ------- Wheel Wheel > --- UTILITY ---------- Hardened Medium Armor Plating System Shield > --- WEAPON ----------- Ion Cannon Guided Plasma Cannon > --- INVENTORY -------- (None) [Rating: 23] Favorites ----------- Power Light Ion Engine Engine Light Ion Engine Power Core Light Nuclear Core Propulsion Wheel Wheel Wheel Utility System Shield Device Improved Heat Sink Hackware System Shield Protection Hardened Medium Armor Plating Weapon Light Assault Rifle Energy Gun Particle Gun Energy Cannon Ion Cannon Ballistic Gun Light Assault Rifle Build | -11 -10 -10 -10 -9 ------- Run | Yrd Mat Min Exi Min Slots Evolved 4 | 4 . . . . Power 1 | 1 . . . . Propulsion 1 | 1 . . . . Utility 1 | 1 . . . . Weapon 1 | 1 . . . . Parts Attached 14 | 6 2 5 1 . Power 3 | 2 . 1 . . Engine 2 | 2 . . . . Core 1 | . . 1 . . Reactor . | . . . . . Propulsion 2 | 2 . . . . Treads . | . . . . . Leg . | . . . . . Wheel 2 | 2 . . . . Hover . | . . . . . Flight . | . . . . . Utility 4 | . 2 2 . . Device 2 | . 2 . . . Storage . | . . . . . Processor . | . . . . . Hackware 1 | . . 1 . . Protection 1 | . . 1 . . Artifact . | . . . . . Weapon 5 | 2 . 2 1 . Energy Gun 1 | . . 1 . . Energy Cannon 2 | . . 1 1 . Ballistic Gun 2 | 2 . . . . Ballistic Cannon . | . . . . . Launcher . | . . . . . Special Weapon . | . . . . . Impact Weapon . | . . . . . Slashing Weapon . | . . . . . Piercing Weapon . | . . . . . Special Melee Weapon . | . . . . . Unidentified Prototypes . | . . . . . Parts Lost . | . . . . . Power . | . . . . . Propulsion . | . . . . . Utility . | . . . . . Weapon . | . . . . . Highest Loss Streak . | . . . . . To Critical Strikes . | . . . . . Average Slot Usage (%) 92 | . 77 100 100 100 Engine 21 | . 25 23 12 12 Core 3 | . . 1 12 12 Wheel 25 | . 25 25 25 25 Device 6 | . 2 12 . . Hackware 5 | . . 6 12 12 Protection 5 | . . 6 12 12 Energy Gun 3 | . . 4 6 . Energy Cannon 6 | . . 6 17 25 Ballistic Gun 14 | . 25 14 . . Peak Build Rating 23 | 6 10 17 23 23 Average Rating 12 | 3 6 12 19 23 On Entrance 11 | . 6 10 17 23 Naked Turns . | . . . . . Heaviest Build 32 | 9 11 25 32 32 Greatest Support 25 | 20 20 25 25 25 Greatest Overweight (x) 1 | . . 1 1 1 Average Overweight (x) . | . . . . 1 Largest Inventory Capacity . | . . . . . Average Capacity . | . . . . . Most Carried . | . . . . . Average Carried . | . . . . . Final Capacity . | . . . . . Final Carried . | . . . . . Class Distribution -------------------- 95% | Hacker-Mutant 4% | Mutant Dominant Class ---------------- Hacker-Mutant | -10/Materials Hacker-Mutant | -10/Mines Hacker-Mutant | -10/Exiles Hacker-Mutant | -9/Mines Resources | -11 -10 -10 -10 -9 ----------- Run | Yrd Mat Min Exi Min Matter Collected 470 | 42 346 82 . . Remotely . | . . . . . Salvage Created 433 | . 237 174 . 22 Parts 29 | . 20 9 . . Haulers Intercepted . | . . . . . Recyclers Shooed 1 | . . 1 . . Parts Field Recycled . | . . . . . Retrieved Matter . | . . . . . Parts Self-Destructed . | . . . . . Prevented . | . . . . . Kills | -11 -10 -10 -10 -9 ------- Run | Yrd Mat Min Exi Min Combat Hostiles Destroyed 18 | . 9 5 . 4 Guns 12 | . 9 3 . . Cannons 6 | . . 2 . 4 Classes Destroyed 4 | . 2 1 . 1 Recycler 1 | . . 1 . . Swarmer 6 | . 3 3 . . Grunt 8 | . 6 2 . . Assembled 4 | . . . . 4 Best Kill Streak 4 | . 3 3 . 4 Combat Bots Only 4 | . 3 3 . 4 Max Kills in Single Turn 2 | . 2 1 . 1 Gunslinging 1 | . 1 . . . Exploded . | . . . . . Melee . | . . . . . Uniques/NPCs Destroyed . | . . . . . Combat | -11 -10 -10 -10 -9 -------- Run | Yrd Mat Min Exi Min Hostile Shots Fired 82 | . 47 16 . 19 Missed 21 | . 10 3 . 8 Damage Taken 629 | . 345 97 . 187 Core 484 | . 275 68 . 141 Absorbed by Shields . | . . . . . Redirected to Core 393 | . 224 56 . 113 Ignored by Resistances 188 | . 106 31 . 51 Core Remaining (%) 100 | 100 . . . . Volleys Fired 43 | . 27 10 . 6 Largest 2 | . 2 2 . 1 Hottest 120 | . 40 80 . 120 Shots Fired 81 | . 55 20 . 6 Gun 69 | . 55 14 . . Cannon 12 | . . 6 . 6 Launcher . | . . . . . Special . | . . . . . Kinetic 69 | . 55 14 . . Thermal 12 | . . 6 . 6 Explosive . | . . . . . Electromagnetic . | . . . . . Robot Hit Streak 10 | . 10 7 . 8 Robot Miss Streak 2 | . 2 2 . . Penetration Max . | . . . . . Secondary Targets 4 | . 2 2 . . Max Gunslinging Chain 1 | . 1 1 . . Shots Hit Robots 62 | . 44 12 . 6 Core Hits 28 | . 18 6 . 4 Critical Kills . | . . . . . Critical Parts Destroyed . | . . . . . Critical Strikes . | . . . . . Melee Attacks . | . . . . . Impact . | . . . . . Slashing . | . . . . . Piercing . | . . . . . Sneak Attacks . | . . . . . Combat Hostiles . | . . . . . Follow-up Attacks . | . . . . . Damage Inflicted 874 | . 441 200 . 233 Guns 520 | . 441 79 . . Cannons 354 | . . 121 . 233 Explosions . | . . . . . Melee . | . . . . . Ramming . | . . . . . Kinetic 520 | . 441 79 . . Thermal 354 | . . 121 . 233 Explosive . | . . . . . Electromagnetic . | . . . . . Impact . | . . . . . Slashing . | . . . . . Piercing . | . . . . . Highest Corruption 1 | . 1 1 1 1 Average Corruption 1 | . 1 1 1 1 Corruption Purged . | . . . . . Corruption Blocked . | . . . . . Effects 8 | . 3 4 1 . Message Errors 2 | . . 1 1 . Matter Fused 1 | . 1 . . . Heat Flow Errors 1 | . . 1 . . Energy Discharges 1 | . . 1 . . Data Loss (minor) 2 | . 1 1 . . Misfires 1 | . 1 . . . Overload Shots . | . . . . . Overflow Damage 2 | . . . . 2 Projectiles 2 | . . . . 2 Explosions . | . . . . . Melee . | . . . . . Knockbacks . | . . . . . Impact . | . . . . . Kinetic . | . . . . . Secondary . | . . . . . Self-Inflicted Damage . | . . . . . Shots . | . . . . . Rammed . | . . . . . Targets Rammed . | . . . . . Kicked . | . . . . . Crushed . | . . . . . Highest Temperature 314 | . 67 314 . 12 Average Temperature 62 | . 22 168 . 8 Received Heat Transfer 302 | . 249 33 . 20 Siege Activations . | . . . . . Robots Corrupted . | . . . . . Combat Hostiles . | . . . . . Parts Fried . | . . . . . Impact Corruptions . | . . . . . Robots Melted . | . . . . . Combat Hostiles . | . . . . . Parts Melted . | . . . . . Heat Transferred 665 | . . 185 . 480 Parts Sabotaged . | . . . . . Parts Stolen . | . . . . . Parts Stripped . | . . . . . Power Chain Reactions . | . . . . . Alert | -11 -10 -10 -10 -9 ------- Run | Yrd Mat Min Exi Min Peak Influence 245 | . 245 212 . . Initial 80 | . . 80 . . Average 114 | . 123 123 . . Maximum Alert Level 1 | . 1 1 . . Low Security (%) 88 | 100 85 89 . 100 Level 1 11 | . 14 10 . . Level 2 . | . . . . . Level 3 . | . . . . . Level 4 . | . . . . . Level 5 . | . . . . . High Security . | . . . . . Max Security . | . . . . . Squads Dispatched 2 | . 1 1 . . Investigation 2 | . 1 1 . . Extermination . | . . . . . Reinforcement . | . . . . . Assault . | . . . . . Garrison . | . . . . . Intercept . | . . . . . Searches Triggered . | . . . . . Construction Impeded . | . . . . . Haulers Reinforced . | . . . . . Active Scanning Responses . | . . . . . Cargo Convoy Interrupts . | . . . . . Stealth | -11 -10 -10 -10 -9 --------- Run | Yrd Mat Min Exi Min Distress Signals . | . . . . . Communications Jammed . | . . . . . Distress Signals . | . . . . . Times Spotted 39 | . 17 5 . 17 Peak Tracking Total 16 | . 4 3 . 16 Tactical Retreats 1 | . 1 . . . Traps | -11 -10 -10 -10 -9 ------- Run | Yrd Mat Min Exi Min Traps Triggered 1 | . 1 . . . Indirectly . | . . . . . Trap Hack Attempts . | . . . . . Triggered . | . . . . . Disarmed . | . . . . . Reprogrammed . | . . . . . Reused . | . . . . . Traps Extracted . | . . . . . Installed 5 | . . 5 . . Triggered . | . . . . . Machines | -11 -10 -10 -10 -9 ---------- Run | Yrd Mat Min Exi Min Machines Disabled . | . . . . . Max in Single Turn . | . . . . . Machines Repaired . | . . . . . Machines Dismantled . | . . . . . Machines Sabotaged . | . . . . . Overloaded Fab Kills . | . . . . . Hacking | -11 -10 -10 -10 -9 --------- Run | Yrd Mat Min Exi Min Machines Accessed 5 | . 3 1 1 . Terminals 3 | . 3 . . . Fabricators . | . . . . . Repair Stations . | . . . . . Recycling Units . | . . . . . Scanalyzers . | . . . . . Garrison Access . | . . . . . Total Hacks 13 | . 11 1 1 . Successful 6 | . 4 1 1 . Failed 6 | . 6 . . . Catastrophic 2 | . 2 . . . Database Lockouts 1 | . 1 . . . Manual 11 | . 10 . 1 . Terminals 11 | . 11 . . . Fabricators . | . . . . . Repair Stations . | . . . . . Recycling Units . | . . . . . Scanalyzers . | . . . . . Garrison Access . | . . . . . Terminal Hacks 6 | . 4 1 1 . Record 1 | . 1 . . . Robot Analysis 2 | . 2 . . . Open Door 1 | . . 1 . . Branch Access Points 1 | . 1 . . . Derelict Proto ID Bank 1 | . . . 1 . Fabricator Hacks . | . . . . . Repair Station Hacks . | . . . . . Recycling Unit Hacks . | . . . . . Scanalyzer . | . . . . . Garrison Access Hacks . | . . . . . Unauthorized Hacks . | . . . . . Terminals . | . . . . . Fabricators . | . . . . . Repair Stations . | . . . . . Recycling Units . | . . . . . Scanalyzers . | . . . . . Garrison Access . | . . . . . Data Cores Recovered . | . . . . . Used . | . . . . . Hacking Detections 3 | . 3 . . . Full Trace Events 1 | . 1 . . . Feedback Events 1 | . 1 . . . Corruption 1 | . 1 . . . Feedback Blocked . | . . . . . Robot Schematics Acquired . | . . . . . Robots Built . | . . . . . Authchips . | . . . . . Time . | . . . . . Total Robot Build Rating . | . . . . . Part Schematics Acquired . | . . . . . Parts Built . | . . . . . Authchips . | . . . . . Time . | . . . . . Total Part Build Rating . | . . . . . Parts Repaired . | . . . . . Time . | . . . . . Parts Recycled . | . . . . . Recycled Matter . | . . . . . Retrieved Matter . | . . . . . Retrieved Components . | . . . . . Parts Scanalyzed . | . . . . . Part Schematics Acquired . | . . . . . Parts Damaged . | . . . . . Bothacking | -11 -10 -10 -10 -9 ------------ Run | Yrd Mat Min Exi Min Used RIF Installer . | . . . . . Robots Hacked . | . . . . . Non-combat . | . . . . . Combat . | . . . . . Robot Hacks Applied . | . . . . . Relay Couplers Released . | . . . . . Fabnet Peak Effective % . | . . . . . Robots Rewired . | . . . . . Allies Hacked . | . . . . . Hacks Repelled . | . . . . . Allies | -11 -10 -10 -10 -9 -------- Run | Yrd Mat Min Exi Min Total Allies 2 | . . 2 . . Largest Group 2 | . . 2 2 . Highest-Rated Group 41 | . . 41 41 . Highest-Rated Ally 31 | . . 31 31 . Total Orders . | . . . . . Ally Attacks 2 | . . 2 . . Total Damage 42 | . . 42 . . Kills . | . . . . . Allies Corrupted . | . . . . . Allies Melted . | . . . . . Intel | -11 -10 -10 -10 -9 ------- Run | Yrd Mat Min Exi Min Robot Analysis Total 2 | . 2 . . . Derelict Logs Recovered 1 | . . 1 . . Drone Launches . | . . . . . Drone Recoveries . | . . . . . Exploration | -11 -10 -10 -10 -9 ------------- Run | Yrd Mat Min Exi Min Turns Passed 1208 | 30 388 537 209 44 Spaces Moved 1152 | 28 357 518 219 30 Core 2 | 2 . . . . Treads . | . . . . . Legs . | . . . . . Wheels 1150 | 26 357 518 219 30 Hover . | . . . . . Flight . | . . . . . Fastest Speed 50 | 50 80 80 80 95 Average Speed 82 | 77 80 82 86 95 Slowest Speed 95 | 80 80 95 95 95 Overloaded Moves . | . . . . . Propulsion Burnouts . | . . . . . Robots Hopped . | . . . . . Cave-ins Triggered . | . . . . . Exploration Rate (%) 47 | 3 64 97 60 12 Regions Visited 4 Branch Regions 3 Pre-discovered Areas 1 | . . 1 . . Known Exits Taken 1 | . 1 . . . Unknown Exits Taken 3 | 1 . 1 1 . Scrap Searched 1 | . . 1 . . Spaces Dug . | . . . . . Terrain Destroyed . | . . . . . Melee . | . . . . . Projectile . | . . . . . AOE . | . . . . . Terrain Rammed . | . . . . . Walls Destroyed . | . . . . . Machines Disabled . | . . . . . Actions | -11 -10 -10 -10 -9 --------- Run | Yrd Mat Min Exi Min Total 1331 | 33 409 612 238 39 Wait 102 | . 13 68 18 3 Move 1148 | 27 356 517 218 30 Hop . | . . . . . Pick Up . | . . . . . Fast Attach 13 | 6 2 4 1 . Attach . | . . . . . Detach . | . . . . . Swap 1 | . . 1 . . Drop 6 | . . 5 1 . Fire 43 | . 27 10 . 6 Melee . | . . . . . Ram . | . . . . . Kick . | . . . . . Crush . | . . . . . Escape Stasis . | . . . . . Rewire . | . . . . . Trap 5 | . . 5 . . Miscellaneous 13 | . 11 2 . . Route ------- -11/Scrapyard -10/Materials (discovered 3 exits: [*Mat x2] / *Min) -10/Mines (discovered 3 exits: [*Mat x2] / *Exi) -10/Exiles -9/Mines History --------- Turn | Location | Event 1 | -11/Scrapyard | Upgraded with Power slot (x1) 1 | -11/Scrapyard | Upgraded with Propulsion slot (x1) 1 | -11/Scrapyard | Upgraded with Utility slot (x1) 1 | -11/Scrapyard | Upgraded with Weapon slot (x1) 6 | -11/Scrapyard | Discovered new exit (range 16) 31 | -11/Scrapyard | Entered Materials 70 | -10/Materials | Identified exit to Mines 112 | -10/Materials | Discovered new exit (range 12) 344 | -10/Materials | Discovered new exit (range 16) 348 | -10/Materials | Central database locked down 364 | -10/Materials | Build established: Hacker-Mutant 419 | -10/Materials | Entered Mines 421 | -10/Mines | Reached level 2 455 | -10/Mines | Found a hidden stash of uninstalled traps 544 | -10/Mines | Discovered new exit (range 14) 608 | -10/Mines | Discovered new exit (range 8) 669 | -10/Mines | Met a Derelict shopkeep closing up shop 925 | -10/Mines | Deemed a non-threat by the Exiles lab entrance 925 | -10/Mines | Discovered new exit (range 5) 956 | -10/Mines | Entered Exiles 956 | -10/Exiles | Accompanied by 2 allies 977 | -10/Exiles | Met 8R-AWN 986 | -10/Exiles | Led the pair of lost Derelicts to a safe place 1016 | -10/Exiles | Met EX-HEX 1039 | -10/Exiles | Met EX-BIN 1047 | -10/Exiles | Aligned with FarCom system 1048 | -10/Exiles | Given EX-Vault access code 1067 | -10/Exiles | Opened EX-Vault 1072 | -10/Exiles | Found Gui. Plasma Cannon 1091 | -10/Exiles | Warned to stay clear of 0b10 Research branches 1123 | -10/Exiles | Met EX-DEC 1157 | -10/Exiles | Discovered new exit (range 10) 1165 | -10/Exiles | Left Exiles lab with Gui. Plasma Cannon 1165 | -10/Exiles | Entered Mines 1167 | -9/Mines | Reached level 3 1188 | -9/Mines | Assembled infested the area 1193 | -9/Mines | Assisted by a Guerilla fighting off Assembled 1209 | -9/Mines | Self-destructed Last Messages --------------- dispatching Demolisher response squad. 01192_ K-01 Serf collects debris. 01192_ 3F-J7J(h): "I'll hold them off! Go on ahead or try to find another way!" 01193_ A derelict emerges from the shadows: "You need to get out of here! I've been tracking a group of Assembled to figure out where they're coming from, and they're closing on this area, come on!" 01196_ as-96876 sneak attacks. 01196_ K-01 Serf destroyed. 01196_ as-19686 destroyed. 01198_ 3F-J7J(h) destroyed. 01199_ Protomatter-11 decays. 01199_ as-66316 destroyed. 01201_ as-65971 destroyed. 01205_ as-96876 destroyed. 01207_ Destroyed Asb. Hover Unit. 01208_ K-01 Serf cleans the Seismic Survey Station. Map ----- +----------------------------------------------------+ | ?????????????????????????????????????? | | ?????????????????????????????????????? | | ?????????????????????????????????????? | | ?????????????????????????????????????? | | ?????????????????????????????????????? | | ?????????????????????????????????????? | | ?????????????????????????????????????? | | ?????????????????????????????????????? | | ?????????????????????????????????????? | | ?????????????????????????????????????? | | ?????????????????????????????????????? | | ??????????????? ????????????????????? | | ??????????????? ????????????????????? | | ??????????????? ????????????????????? | | ??????????????? ????????????????????? | | ?????????????? #????????????????????? | | ?????????????? #????????????????????? | | ??????????????a #????????????????????? | | ??????????????a #????????????????????? | | ??????????????aaa????????????????????? | | ??????????????aa???????s?????????????? | | ??????????????aa???????s?????????????? | | ????????????##a????????s?????????????? | | ????????????!aa??????????????????????? | | ????????????#a#??????????????????????? | | ????????????#@#??????????????????????? | | ??###########!##?????????????????????? | | ??# #?????????????????????? | | ??# """ """ #?????????????????????? | | ??# """ """ #?????????????????????? | | ??# """ """ #?????????????????????? | | ??# #?????????????????????? | | ??# """ """ #?????????????????????? | | ??# """ """ #?????????????????????? | | ??# """ """ #?????????????????????? | | ??# k#?????????????????????? | | ??# """ """ #?????????????????????? | | ??# """ """ #?????????????????????? | | ??# """ """ #?????????????????????? | | ??# #?????????????????????? | | ??# """ #?????????????????????? | | ??# """ #?????????????????????? | | ??# """ #?????????????????????? | | ??# #?????????????????????? | | ??# #?????????????????????? | | ??# #?????????????????????? | | ??# #?????????????????????? | | ??##############?????????????????????? | | ?????????????????????????????????????? | | ?????????????????????????????????????? | +----------------------------------------------------+ Best States ------------- Heat Dissipation 85 Energy Generation 19 Energy Capacity 185 Matter Stores 300 Matter Capacity 300 Sight Range 16 Terrain Scan Density 10 Armor Coverage 225 Resistance: KI 20 Resistance: TH 20 Resistance: EX 20 Resistance: EM 20 Resistance: I 20 Resistance: S 20 Resistance: P 20 Evasion (%) 44 Offensive Hacking 20 Defensive Hacking 20 Item Schematics ----------------- None Robot Schematics ------------------ None Fabricated ------------ Nothing Alien Tech Used ----------------- None Achievements -------------- None Challenges ------------ None RPGLIKE | -11 -10 -10 -10 -9 --------- Run | Yrd Mat Min Exi Min Levels Raised 2 | . . 1 . 1 XP Earned 7378 | 4000 1050 1135 350 843 XP Spent 5500 | 2000 1300 2200 . . Upgrades 21 | 4 4 13 . . Power Slot 1 | 1 . . . . Propulsion Slot 1 | 1 . . . . Utility Slot 1 | 1 . . . . Weapon Slot 1 | 1 . . . . Heat Dissipation 10 | . . 10 . . Mass Support 1 | . . 1 . . Hack Attack % 2 | . 2 . . . Hack Defense % 2 | . 2 . . . TH Damage % 2 | . . 2 . . Protomatter Created 228 | . 123 71 . 34 Integrity Restored 221 | . 176 45 . . Core 216 | . 171 45 . . Parts 5 | . 5 . . . Protomatter Decayed 128 | . 61 56 . 11 Game ------ Seed PrecisionPulseCasing Manual? 0 Play Time 00:12:55 Cumulative 86.9 hours Start 2024.09.10 @ 11:02:23 End 2024.09.10 @ 11:24:27 Sessions 1 Manual Loads 0 Difficulty Adventurer Special Mode Winter2019/RPGLIKE Game No. 56 Rogue 0 Adventurer 56 Explorer 0 Win Type - Total 4 Types 2/0/1/1/0/0/0/0/0 Lore% 46 Gallery% 50 Achievement% 67 Wizard Run 0 Options --------- Layout 2 ASCII 0 Keyboard 0 Movement Numpad Keybinds 0 Fullscreen 2 Font 24/Smallcaps Map View 50x44 Zoom Use 0% Tactical HUD 1 Map Filters NONE Filters NONE Steam 1 RUN: c8f903be-3fd2-420e-966b-1f32cc79633f